[Event "Titled Tuesday Blitz May 03 Early 2022"]
[White "Xu, Yi"]
[Black "Tasev, Dejan"]
[WhiteFideId "8605564"]
[BlackFideId "936618"]
[WhiteElo "2471"]
[BlackElo "2253"]
[Result "1-0"]
[Round "03"]
[TimeControl "180+1"]
[Date "2022.05.03"]
[WhiteClock "0:00:09"]
[BlackClock "0:00:15"]

1. e4 e5 2. Nf3 Nc6 3. Bc4 Nf6 4. d3 h6 5. O-O Bc5 6. c3 Bb6 7. a4 a6 8. Nbd2 d6 9. b4 Be6 10. Bxe6 fxe6 11. a5 Ba7 12. Re1 O-O 13. Nf1 Qe8 14. Ra2 Nh5 15. h3 Nf4 16. Bxf4 Rxf4 17. g3 Rf6 18. Kg2 Qf7 19. N1h2 Rf8 20. Rf1 Ne7 21. d4 Ng6 22. Ng1 exd4 23. cxd4 e5 24. d5 Qd7 25. Qh5 Ne7 26. Ng4 R6f7 27. Rc2 Kh7 28. h4 Ng8 29. Nh3 g6 30. Ng5+ Kg7 31. Ne6+ Qxe6 32. dxe6 gxh5 33. exf7 Rxf7 34. Ne3 Nf6 35. Nd5 Nxd5 36. exd5 Kg6 37. Rfc1 Bb8 38. f3 Kf5 39. Rc4 Kg6 40. Kf2 Kf5 41. Ke2 Kg6 42. g4 hxg4 43. Rxg4+ Kf5 44. Rcg1 Ba7 45. Rg7 Kf6 46. R1g6+ Ke7 47. Rxf7+ Kxf7 48. Rxh6 Kg7 49. Re6 Kf7 50. h5 c6 51. h6 cxd5 52. Re7+ Kxe7 53. h7 e4 54. h8=Q exf3+ 55. Kxf3 Kd7 56. Qg7+ Kc6 57. Ke2 Bb8 58. Kd3 Ba7 59. Qc3+ Kd7 60. Qg7+ Kc6 61. Qe7 Bg1 62. Qe8+ Kc7 63. b5 axb5 64. Qxb5 Bc5 65. Qb3 Kc6 66. Qa4+ Kc7 67. Kc2 d4 68. Qc4 Kc6 69. Kb3 d5 70. Qd3 Kc7 71. Ka4 Kc6 72. Qg6+ Bd6 73. Qc2+ Bc5 74. Qd3 Kd6 75. Kb5 Ba7 76. Qg6+ Kc7 77. Qf7+ Kc8 78. Qxd5 Kc7 79. Kc4 Kc8 80. Kb5 Kc7 81. Qf7+ Kc8 82. a6 bxa6+ 83. Kc6 1-0


[Site "https://www.chess.com"]

[Event "Titled Tuesday Blitz May 03 Early 2022"]
[White "Yang, Kaiqi"]
[Black "Lamaze, Simon"]
[WhiteFideId "8604398"]
[BlackFideId "36069264"]
[WhiteElo "2373"]
[BlackElo "1999"]
[Result "0-1"]
[Round "03"]
[TimeControl "180+1"]
[Date "2022.05.03"]
[WhiteClock "0:00:01"]
[BlackClock "0:00:54"]

1. e4 c5 2. Nc3 Nc6 3. Bb5 Nd4 4. Nf3 a6 5. Bd3 g6 6. Nxd4 cxd4 7. Ne2 d5 8. exd5 Qxd5 9. O-O Bg7 10. b3 Nh6 11. Bb2 Bf5 12. Bc4 Qd7 13. a4 O-O 14. Ng3 Bg4 15. f3 Be6 16. Bxe6 Qxe6 17. Re1 Qd7 18. a5 Rfe8 19. Ra4 Rac8 20. d3 Rc5 21. Ne4 Rd5 22. Ng3 e6 23. Qa1 Rc8 24. Re2 Rc6 25. Rc4 Nf5 26. Nxf5 gxf5 27. Qa4 h5 28. Rxc6 Qxc6 29. Qa1 Qc7 30. Qe1 Qxa5 31. Qg3 Qa2 0-1


[Site "https://www.chess.com"]

[Event "Titled Tuesday Blitz May 03 Early 2022"]
[White "Yilmaz, Mustafa"]
[Black "Nguyen Hong Nhung"]
[WhiteFideId "6302718"]
[BlackFideId "12412201"]
[WhiteElo "2568"]
[BlackElo "1758"]
[Result "0-1"]
[Round "03"]
[TimeControl "180+1"]
[Date "2022.05.03"]
[WhiteClock "0:00:14"]
[BlackClock "0:00:15"]

1. Nf3 f5 2. d3 Nf6 3. e4 d6 4. Nc3 e5 5. exf5 Bxf5 6. d4 e4 7. Nd2 d5 8. Nb3 Nbd7 9. Bf4 c6 10. h3 Be7 11. g4 Bg6 12. h4 h5 13. g5 Ng4 14. Be2 O-O 15. Bxg4 Rxf4 16. Bxh5 Qe8 17. Bxg6 Qxg6 18. Qe2 Raf8 19. Nd1 Qh7 20. Kd2 Bxg5 21. hxg5 Qxh1 22. Ne3 Qxa1 23. Nxa1 Rxf2 24. Nb3 Rxe2+ 25. Kxe2 Rf3 26. c4 dxc4 27. Nd2 Rh3 28. Nexc4 Nb6 29. Na5 Rh2+ 30. Ke1 e3 31. Nf1 Rxb2 32. Nxe3 Rxa2 33. Nxb7 Kf7 34. Nd8+ Kg6 35. Nxc6 Kxg5 36. d5 Kf4 37. Nb4 Ra4 38. Nec2 Ke5 39. Kd2 Nxd5 40. Nc6+ Kd6 41. N6d4 Rc4 42. Nf5+ Ke5 43. Nxg7 Rh4 44. Ne1 Rh7 45. Nd3+ Kf6 46. Ne8+ Ke6 47. Nc5+ Ke5 48. Kd3 Rh3+ 49. Kc4 Nb6+ 50. Kb5 Rh8 51. Ng7 Kd5 52. Nf5 Rh7 53. Ne3+ Kd4 54. Nc2+ Kc3 55. Nb4 Rh5 56. Na2+ Kb2 57. Nb4 Nd7 58. Na6 Nxc5 59. Nxc5 Kc3 60. Kc6 Kc4 61. Nb7 Rh6+ 62. Nd6+ Kb4 63. Kd5 a5 64. Nf5 Rh5 65. Ke4 Rxf5 66. Kxf5 a4 67. Ke4 a3 68. Kd3 Kb3 69. Kd2 Kb2 70. Ke3 a2 71. Kd4 a1=Q 72. Kc4 Qa3 73. Kd5 Qc3 74. Ke4 Kb3 75. Kf5 Qd4 76. Ke6 Kc4 77. Kf5 Kd5 78. Kg6 Qe5 79. Kh7 Qg5 80. Kh8 Ke6 0-1


[Site "https://www.chess.com"]

[Event "Titled Tuesday Blitz May 03 Early 2022"]
[White "Zaksaite, Salomeja"]
[Black "Gurevich, Dmitry"]
[WhiteFideId "12801496"]
[BlackFideId "2000407"]
[WhiteElo "1953"]
[BlackElo "2506"]
[Result "0-1"]
[Round "03"]
[TimeControl "180+1"]
[Date "2022.05.03"]
[WhiteClock "0:00:07"]
[BlackClock "0:01:06"]

1. e4 c5 2. Nf3 d6 3. d4 cxd4 4. Nxd4 Nf6 5. Nc3 Nc6 6. Be3 Ng4 7. Bb5 Nxe3 8. Nxc6 bxc6 9. Bxc6+ Bd7 10. Bxd7+ Qxd7 11. fxe3 g6 12. O-O Bg7 13. Qd3 Rc8 14. Rab1 Bxc3 15. bxc3 O-O 16. Rb3 Qe6 17. Qd5 Rc4 18. Qxe6 fxe6 19. Rxf8+ Kxf8 20. Kf2 Rxe4 21. Rb4 Re5 22. Ra4 a5 23. Kf3 Rc5 24. c4 Ke8 25. Ke4 Kd7 26. Kd4 e5+ 27. Kd3 Kc6 28. Ra3 e4+ 29. Kxe4 Rxc4+ 30. Kd3 Rc5 31. Rb3 Rd5+ 32. Ke2 h5 33. Rb8 Kd7 34. Rg8 Rg5 35. g3 Ke6 36. Kd3 Kf7 37. Ra8 Rf5 38. c4 g5 39. a4 g4 40. Kd4 Rf2 41. Rxa5 Rxh2 42. Rf5+ Kg6 43. Rf1 Ra2 44. Kd5 Rxa4 45. Rc1 Ra5+ 46. Ke6 Re5+ 47. Kd7 Rxe3 0-1


[Site "https://www.chess.com"]

[Event "Titled Tuesday Blitz May 03 Early 2022"]
[White "Zhu, Jiner"]
[Black "Bas Mas, Jose Joaquin"]
[WhiteFideId "8608059"]
[BlackFideId "22219064"]
[WhiteElo "2683"]
[BlackElo "2486"]
[Result "1-0"]
[Round "03"]
[TimeControl "180+1"]
[Date "2022.05.03"]
[WhiteClock "0:00:08"]
[BlackClock "0:00:04"]

1. e4 c5 2. Nf3 e6 3. d4 cxd4 4. Nxd4 a6 5. Bd3 Nc6 6. Nxc6 bxc6 7. O-O d5 8. Nc3 Nf6 9. e5 Nd7 10. Re1 c5 11. Qg4 c4 12. Bf1 h5 13. Qf4 g6 14. Be3 Rb8 15. b3 Bb4 16. Bd4 cxb3 17. axb3 Qc7 18. Re3 Bc5 19. Ra4 Bxd4 20. Rxd4 Qc5 21. h4 Bb7 22. Rf3 Qe7 23. Na4 Rc8 24. Bd3 Bc6 25. Bxa6 Ra8 26. Bd3 Bxa4 27. bxa4 Rc8 28. Rb4 Nc5 29. Bb5+ Kf8 30. Qd4 Kg7 31. Rb2 Ne4 32. g3 Qc5 33. Qxc5 Rxc5 34. Rfb3 Ra8 35. Kg2 Nc3 36. Rb4 Nxb5 37. axb5 Rb8 38. b6 Rb7 39. Kf3 d4 40. Ke4 Rd5 41. Rxd4 Rc5 42. Rdb4 f5+ 43. exf6+ Kxf6 44. c4 Re5+ 45. Kf3 Rc5 46. Ke3 e5 47. Kd3 Ke6 48. Rb5 Rc6 49. c5 Rd7+ 50. Kc4 Rd4+ 51. Kc3 Rd8 52. b7 Rb8 53. Kc4 Kd7 54. Rb6 Kc7 55. Rxc6+ Kxc6 56. Rb6+ Kc7 57. Kd5 e4 58. Kxe4 Re8+ 59. Kd5 Rb8 60. Rxg6 Kxb7 61. Rb6+ Kc7 62. Rxb8 Kxb8 63. Kd6 Kc8 64. c6 Kd8 65. f4 Kc8 66. c7 1-0


[Site "https://www.chess.com"]

[Event "Titled Tuesday Blitz May 03 Early 2022"]
[White "Abarca Gonzalez, Nicolas"]
[Black "Hovhannisyan, Robert"]
[WhiteFideId "3409422"]
[BlackFideId "13302507"]
[WhiteElo "2504"]
[BlackElo "2570"]
[Result "0-1"]
[Round "04"]
[TimeControl "180+1"]
[Date "2022.05.03"]
[WhiteClock "0:00:02"]
[BlackClock "0:00:07"]

1. e4 e5 2. Nf3 Nc6 3. Bc4 Bc5 4. d4 exd4 5. c3 Nf6 6. O-O Nxe4 7. cxd4 d5 8. dxc5 dxc4 9. Qe2 Qd3 10. Qxd3 cxd3 11. Re1 f5 12. Bf4 O-O 13. Bxc7 Be6 14. Nc3 Rac8 15. Bd6 Nxc3 16. bxc3 Rfe8 17. Reb1 Bd5 18. Rd1 Bc4 19. Bf4 Rcd8 20. Be3 h6 21. g3 Kf7 22. h4 Ba6 23. Rab1 Ne5 24. Nxe5+ Rxe5 25. Rb4 Red5 26. Rd2 Kg6 27. Ra4 Rc8 28. Kg2 Kh5 29. Kh3 g5 30. hxg5 hxg5 31. Rb4 Kg6 32. Kg2 g4 33. Ra4 Rdxc5 34. Bxc5 Rxc5 35. Rxa6+ bxa6 36. Rxd3 Ra5 37. Rd2 Ra3 38. Rd6+ Kg5 39. Rc6 Rxa2 40. c4 a5 41. Ra6 a4 42. Rxa7 Kf6 43. Ra5 Ke6 44. Kf1 a3 45. Kg2 Ra1 46. c5 Kd5 47. c6+ Kxc6 48. Rxf5 Rc1 49. Ra5 Rc3 50. Ra8 Kb7 51. Ra4 Kb6 52. Rxg4 Kb5 53. Rg5+ Kb4 54. Rg8 Rc5 55. Rb8+ Rb5 56. Re8 a2 57. Re1 Ka3 58. Ra1 Rb1 59. Rxa2+ Kxa2 60. f4 Kb3 61. Kf3 Kc4 62. Ke4 Re1+ 63. Kf5 Kd5 64. g4 Kd6 65. Kf6 Kd7 66. Kf7 Re4 67. f5 Rxg4 68. f6 Rf4 69. Kg7 Ke6 70. f7 Rxf7+ 71. Kg6 Rf5 72. Kh6 Kf7 73. Kh7 Rh5# 0-1


[Site "https://www.chess.com"]

[Event "Titled Tuesday Blitz May 03 Early 2022"]
[White "Agasarov, Benik"]
[Black "Soucek, Petr"]
[WhiteFideId "13314823"]
[BlackFideId "23715170"]
[WhiteElo "2521"]
[BlackElo "1979"]
[Result "1-0"]
[Round "04"]
[TimeControl "180+1"]
[Date "2022.05.03"]
[WhiteClock "0:02:26"]
[BlackClock "0:01:58"]

1. e4 c5 2. Nc3 a6 3. g3 b5 4. Bg2 Bb7 5. Nge2 e6 6. O-O Nf6 7. e5 Bxg2 8. Kxg2 Nd5 9. Nxd5 exd5 10. d4 c4 11. f4 d6 12. f5 dxe5 13. dxe5 Nc6 14. e6 Bc5 15. exf7+ Kxf7 16. Nf4 d4 17. Qh5+ Kg8 18. f6 1-0


[Site "https://www.chess.com"]

[Event "Titled Tuesday Blitz May 03 Early 2022"]
[White "Al-Tarboush, Ward"]
[Black "Darini, Pouria"]
[WhiteFideId "7601450"]
[BlackFideId "12502200"]
[WhiteElo "2276"]
[BlackElo "2489"]
[Result "0-1"]
[Round "04"]
[TimeControl "180+1"]
[Date "2022.05.03"]
[WhiteClock "0:00:24"]
[BlackClock "0:00:21"]

1. e4 c5 2. Nf3 d6 3. d4 cxd4 4. Nxd4 Nf6 5. Nc3 a6 6. h3 e5 7. Nde2 h5 8. Bg5 Be6 9. g3 Nbd7 10. Bg2 Rc8 11. a4 Be7 12. Qd2 Qc7 13. b3 O-O 14. O-O b5 15. axb5 axb5 16. Rac1 b4 17. Nd5 Bxd5 18. exd5 Qb6 19. Be3 Qb5 20. Rfd1 Rfe8 21. Qd3 Qb8 22. Kh1 Bd8 23. Ra1 Bb6 24. Ra6 Bxe3 25. Qxe3 Rxc2 26. Rc6 Nc5 27. Rc1 Rxc1+ 28. Nxc1 e4 29. Ne2 Nxd5 30. Qg5 Re5 31. Qd2 Nxb3 32. Qb2 Na5 33. Nd4 Nxc6 34. Nxc6 Qb5 35. Nxe5 dxe5 36. Qxe5 Nc3 37. Qxh5 Qxh5 0-1


[Site "https://www.chess.com"]

[Event "Titled Tuesday Blitz May 03 Early 2022"]
[White "Andreev, Eduard"]
[Black "Aradhya, Garg"]
[WhiteFideId "14103400"]
[BlackFideId "25006746"]
[WhiteElo "2382"]
[BlackElo "2169"]
[Result "0-1"]
[Round "04"]
[TimeControl "180+1"]
[Date "2022.05.03"]
[WhiteClock "0:00:06"]
[BlackClock "0:00:04"]

1. e4 e5 2. Nf3 Nc6 3. Bb5 a6 4. Bxc6 dxc6 5. Nc3 Bb4 6. O-O Qe7 7. d4 Bg4 8. dxe5 Rd8 9. Qe2 Bxc3 10. bxc3 Qxe5 11. h3 Bxf3 12. Qxf3 Nf6 13. Bf4 Qe6 14. Bxc7 Rd7 15. Bf4 Nxe4 16. Rfe1 Re7 17. Qh5 Qd5 18. Qxd5 cxd5 19. Rab1 b5 20. Re3 Kd7 21. a4 g5 22. Bh2 Rc8 23. axb5 axb5 24. Rxb5 Rxc3 25. Rxd5+ Ke8 26. Rd1 Rxe3 27. fxe3 f6 28. Kf1 Kf7 29. Rd3 Ra7 30. Rd4 f5 31. Ke2 Ra2 32. Kd3 Ra3+ 33. Kc4 Rc3+ 34. Kd5 Rc5# 0-1


[Site "https://www.chess.com"]

[Event "Titled Tuesday Blitz May 03 Early 2022"]
[White "Andreikin, Dmitry"]
[Black "Stribuk, Artiom"]
[WhiteFideId "4158814"]
[BlackFideId "13515659"]
[WhiteElo "2736"]
[BlackElo "2259"]
[Result "1-0"]
[Round "04"]
[TimeControl "180+1"]
[Date "2022.05.03"]
[WhiteClock "0:02:19"]
[BlackClock "0:00:57"]

1. d4 Nf6 2. c4 c5 3. Nf3 cxd4 4. Nxd4 g6 5. Nc3 Bg7 6. e4 O-O 7. Be2 d6 8. O-O Nc6 9. Be3 Nxd4 10. Bxd4 Bd7 11. Kh1 Bc6 12. f3 a5 13. b3 Nd7 14. Rc1 Bxd4 15. Qxd4 Qb6 16. Qd2 a4 17. Rb1 axb3 18. axb3 Qb4 19. Rfd1 Ra3 20. Nd5 Qxd2 21. Nxe7+ Kg7 22. Rxd2 Rfa8 23. Rxd6 Ra2 24. Bf1 Nc5 25. Nxc6 bxc6 26. Rxc6 Ne6 27. Rd6 Rc2 28. b4 Raa2 29. b5 1-0


[Site "https://www.chess.com"]

[Event "Titled Tuesday Blitz May 03 Early 2022"]
[White "Arabidze, Meri"]
[Black "Hirneise, Jens"]
[WhiteFideId "13604040"]
[BlackFideId "24614734"]
[WhiteElo "2335"]
[BlackElo "2359"]
[Result "1-0"]
[Round "04"]
[TimeControl "180+1"]
[Date "2022.05.03"]
[WhiteClock "0:00:08"]
[BlackClock "0:00:04"]

1. Nf3 d5 2. g3 Nc6 3. d4 Bg4 4. Bg2 Qd7 5. c4 Bxf3 6. Bxf3 e6 7. O-O Nf6 8. e3 O-O-O 9. Qc2 h5 10. a3 e5 11. cxd5 Nxd5 12. dxe5 Nxe5 13. Bg2 c6 14. e4 Nb6 15. Nc3 Qd3 16. Qxd3 Nxd3 17. b4 Nxc1 18. Raxc1 a6 19. e5 Be7 20. Ne4 Rd3 21. Rc3 Rxc3 22. Nxc3 Rd8 23. f4 Nc4 24. Ne4 Nxa3 25. Ng5 Rf8 26. Bf3 g6 27. Be4 Bxb4 28. e6 fxe6 29. Bxg6 Kd7 30. Bxh5 Bc5+ 31. Kg2 b5 32. Bg4 Rb8 33. Nxe6 Be7 34. Rd1+ Bd6 35. Nd4+ Kc7 36. Ne6+ Kd7 37. h4 b4 38. Nc5+ Ke7 39. Nd7 Rd8 40. Re1+ Kf7 41. Be6+ Kg7 42. f5 Be7 43. Kh3 Nb5 44. g4 Nd4 45. g5 Nxe6 46. fxe6 a5 47. Kg4 b3 48. h5 a4 49. h6+ Kg6 50. Ne5+ Kh7 51. Kh5 Bxg5 52. Kxg5 b2 53. e7 Re8 54. Ng4 Rg8+ 55. Kh5 Re8 56. Nf6+ Kh8 57. Nxe8 a3 58. Nf6 a2 59. e8=Q# 1-0


[Site "https://www.chess.com"]

[Event "Titled Tuesday Blitz May 03 Early 2022"]
[White "Araujo Filho, Luiz Antonio Coel"]
[Black "Jain, Naveen"]
[WhiteFideId "2130661"]
[BlackFideId "5003970"]
[WhiteElo "2309"]
[BlackElo "2036"]
[Result "0-1"]
[Round "04"]
[TimeControl "180+1"]
[Date "2022.05.03"]
[WhiteClock "0:00:01"]
[BlackClock "0:00:01"]

1. d4 Nf6 2. Nf3 e6 3. e3 d5 4. Bd3 c5 5. c3 Nc6 6. Nbd2 Bd6 7. Qe2 O-O 8. dxc5 Bxc5 9. e4 dxe4 10. Nxe4 Nxe4 11. Bxe4 f5 12. Bc2 Qd6 13. O-O e5 14. Rd1 Qe7 15. Bg5 Qf7 16. Nxe5 Re8 17. Nxf7 Rxe2 18. Bb3 Kf8 19. Nd8 Ne7 20. Nf7 Nc6 21. Nd8 Ne7 22. Rd2 Bxf2+ 23. Kf1 Rxd2 24. Bxd2 Bb6 25. Ne6+ Bxe6 26. Bxe6 Rd8 27. Bg5 Rd6 28. Re1 Nc6 29. Bxf5 Rd5 30. g4 Kf7 31. Bc1 Re5 32. Rd1 g6 33. Bc8 Re7 34. Bg5 Rc7 35. Bd7 Ne5 36. h3 Rxd7 37. Rxd7+ Nxd7 38. Bf4 Ke6 39. Kg2 Bc5 40. Kf3 Bd6 41. Be3 Ne5+ 42. Ke4 Nc4 43. Bxa7 Nxb2 44. c4 Na4 45. Kd4 b6 0-1


[Site "https://www.chess.com"]

[Event "Titled Tuesday Blitz May 03 Early 2022"]
[White "Aung Thant Zin"]
[Black "Kadam, Om Manish"]
[WhiteFideId "13000063"]
[BlackFideId "45076294"]
[WhiteElo "2278"]
[BlackElo "1729"]
[Result "0-1"]
[Round "04"]
[TimeControl "180+1"]
[Date "2022.05.03"]
[WhiteClock "0:00:01"]
[BlackClock "0:00:46"]

1. e4 g6 2. d4 Bg7 3. Nf3 c6 4. c4 d6 5. Nc3 Nf6 6. Bd3 O-O 7. O-O e5 8. h3 Nbd7 9. Be3 Qe7 10. Re1 Re8 11. Qc2 Nh5 12. d5 Nf8 13. dxc6 bxc6 14. Rad1 Ne6 15. Bf1 Bb7 16. Qd2 Red8 17. Ng5 Nd4 18. Be2 h6 19. Nf3 c5 20. Bxh6 Bxh6 21. Qxh6 Nf4 22. Ng5 f6 23. Nf3 Qg7 24. Qxg7+ Kxg7 25. Nxd4 cxd4 26. Nd5 Bxd5 27. exd5 Rab8 28. b3 f5 29. Bf1 Kf6 30. g3 Nh5 31. Kh2 Kf7 32. Be2 Nf6 33. f4 Re8 34. fxe5 dxe5 35. Bf1 a5 0-1


[Site "https://www.chess.com"]

[Event "Titled Tuesday Blitz May 03 Early 2022"]
[White "Avazkhonov, Alikhon"]
[Black "Ovezdurdyyeva, Jemal"]
[WhiteFideId "14208504"]
[BlackFideId "14001888"]
[WhiteElo "1739"]
[BlackElo "1946"]
[Result "0-1"]
[Round "04"]
[TimeControl "180+1"]
[Date "2022.05.03"]
[WhiteClock "0:00:01"]
[BlackClock "0:00:06"]

1. e4 d6 2. d4 Nf6 3. Nc3 g6 4. f3 c6 5. Be3 b5 6. Qd2 b4 7. Nd1 a5 8. Nf2 h5 9. h4 Bg7 10. Ngh3 Ba6 11. Bd3 Bxd3 12. Nxd3 Nbd7 13. O-O-O Nh7 14. g4 hxg4 15. fxg4 Qb6 16. e5 d5 17. e6 fxe6 18. Nhf4 Nhf8 19. Qf2 a4 20. Rde1 b3 21. cxb3 axb3 22. a3 Qb5 23. Kb1 O-O-O 24. g5 e5 25. dxe5 Nxe5 26. Nxe5 Bxe5 27. Bd4 Bxd4 28. Qxd4 Rg8 29. Rxe7 Nd7 30. Ne6 Rde8 31. Qf4 Qb8 32. Rxe8+ Rxe8 33. Qf7 Rd8 34. Nxd8 Kxd8 35. Re1 Qg3 36. Qe8+ Kc7 37. Qe2 Qxh4 38. Qe3 Qc4 39. Qg3+ Kb7 40. Rc1 Qe4+ 41. Ka1 Nb6 42. Qxb3 Kc7 43. Qg3+ Kb7 44. Qh2 Nc4 45. Qc2 Qf4 46. Qb3+ Kc7 47. Rg1 Qd4 48. Rf1 Na5 0-1


[Site "https://www.chess.com"]

[Event "Titled Tuesday Blitz May 03 Early 2022"]
[White "Babazada, Khazar"]
[Black "Oparin, Grigoriy"]
[WhiteFideId "13413554"]
[BlackFideId "24125890"]
[WhiteElo "2406"]
[BlackElo "2665"]
[Result "0-1"]
[Round "04"]
[TimeControl "180+1"]
[Date "2022.05.03"]
[WhiteClock "0:00:12"]
[BlackClock "0:00:12"]

1. e4 e5 2. Nf3 Nc6 3. Bb5 Nf6 4. O-O Nxe4 5. d4 Nd6 6. dxe5 Nxb5 7. a4 d6 8. axb5 Nxe5 9. Nd4 Be7 10. f4 Nc4 11. Re1 Nb6 12. Qe2 Be6 13. f5 Bc4 14. Qg4 O-O 15. b3 c5 16. bxc6 Bd5 17. c4 Bxc6 18. Bb2 Bf6 19. Nd2 Bxd4+ 20. Bxd4 f6 21. Re3 Nd7 22. Qf4 Ne5 23. Rh3 Qd7 24. Nf1 Rae8 25. Ng3 g5 26. fxg6 hxg6 27. Rf1 Qg7 28. Qd2 a6 29. Ne2 Bd7 30. Rg3 g5 31. Nc3 Qg6 32. Nd5 Kh7 33. h4 g4 34. h5 Qh6 35. Qxh6+ Kxh6 36. Be3+ Kg7 37. h6+ Kg6 38. Nf4+ Kh7 39. Nd5 f5 40. Bf4 Bc6 41. Rd1 Bxd5 42. Rxd5 Ng6 43. Bxd6 Rf7 44. c5 Kxh6 45. Rgd3 Re2 46. Bg3 Kg5 47. b4 Rb2 48. Be1 Nf4 49. Bd2 Rxd2 50. Rxd2 Nxd5 51. Rxd5 Re7 52. Kf2 Re4 53. b5 axb5 54. Rd7 Rc4 55. Rxb7 Rc2+ 56. Ke3 Rxc5 57. Kd4 Rc2 58. g3 Rg2 59. Ke5 Rxg3 60. Rg7+ Kh6 0-1


[Site "https://www.chess.com"]

[Event "Titled Tuesday Blitz May 03 Early 2022"]
[White "Bach, Ngoc Thuy Duong"]
[Black "Rohith Krishna S"]
[WhiteFideId "12408956"]
[BlackFideId "46617051"]
[WhiteElo "1862"]
[BlackElo "2117"]
[Result "0-1"]
[Round "04"]
[TimeControl "180+1"]
[Date "2022.05.03"]
[WhiteClock "0:00:14"]
[BlackClock "0:01:13"]

1. d4 Nf6 2. c4 c5 3. d5 b5 4. cxb5 a6 5. bxa6 d6 6. Nc3 Bxa6 7. e4 g6 8. Nf3 Bg7 9. Bxa6 Nxa6 10. O-O O-O 11. Qe2 Qa5 12. Bg5 Rfb8 13. Rac1 Nc7 14. Rfd1 Nb5 15. Nxb5 Qxb5 16. Qxb5 Rxb5 17. e5 dxe5 18. d6 exd6 19. Rxd6 Ne4 20. Rd7 Rxb2 21. Be3 h6 22. h3 Raxa2 23. Rf1 c4 24. Rc7 c3 25. Rd1 Ra8 26. Rc4 f5 27. Ne1 f4 28. Rxe4 fxe3 29. Rxe3 Rc8 30. Rc1 e4 31. Rxe4 c2 32. Kh2 Kh7 33. Re2 Rb1 34. Rcxc2 Rxe1 35. Rxc8 Rxe2 36. f3 g5 37. Rc7 Kg6 38. Rc6+ Kh5 39. Kh1 Re1+ 40. Kh2 Be5+ 41. g3 Re2+ 42. Kg1 Bxg3 43. Kf1 Rf2+ 44. Kg1 Rxf3 45. Kg2 Re3 46. Ra6 Bf4 47. Rc6 Re2+ 48. Kf3 Rh2 49. h4 Rxh4 0-1


[Site "https://www.chess.com"]

[Event "Titled Tuesday Blitz May 03 Early 2022"]
[White "Bartel, Michal"]
[Black "Mikhnenko, Alexander"]
[WhiteFideId "1119257"]
[BlackFideId "34143014"]
[WhiteElo "2211"]
[BlackElo "2117"]
[Result "1-0"]
[Round "04"]
[TimeControl "180+1"]
[Date "2022.05.03"]
[WhiteClock "0:01:37"]
[BlackClock "0:00:15"]

1. e4 c5 2. Ne2 e6 3. g3 d5 4. Bg2 Nf6 5. exd5 exd5 6. d4 Nc6 7. O-O Be7 8. Nbc3 Be6 9. Re1 O-O 10. dxc5 Bxc5 11. Nf4 Ng4 12. Nd3 Bb6 13. Na4 Ba5 14. Rxe6 fxe6 15. Qxg4 Qf6 16. Nac5 Rae8 17. Nd7 Qf5 18. Qg5 Qxg5 19. Bxg5 Rf5 20. Be3 d4 21. Bf4 e5 22. Bxc6 bxc6 23. Bxe5 Re7 24. Nb8 Rfxe5 25. Nxe5 Rxe5 26. Nxc6 Rc5 27. Nxa5 Rxa5 28. Kf1 Rc5 29. Rc1 d3 30. c4 d2 31. Rd1 Rxc4 32. Rxd2 Rc1+ 33. Ke2 1-0


[Site "https://www.chess.com"]

[Event "Titled Tuesday Blitz May 03 Early 2022"]
[White "Bas Mas, Jose Joaquin"]
[Black "Salimova, Nurgyul"]
[WhiteFideId "22219064"]
[BlackFideId "2915138"]
[WhiteElo "2212"]
[BlackElo "2185"]
[Result "0-1"]
[Round "04"]
[TimeControl "180+1"]
[Date "2022.05.03"]
[WhiteClock "0:00:03"]
[BlackClock "0:00:03"]

1. e4 c6 2. Nc3 d5 3. Nf3 dxe4 4. Nxe4 Nf6 5. Nxf6+ exf6 6. c3 Bd6 7. d4 O-O 8. Bd3 Re8+ 9. Kf1 Nd7 10. Qc2 Nf8 11. Be3 Be6 12. b3 b5 13. g3 Bh3+ 14. Ke2 Qd7 15. Rhg1 c5 16. Rad1 cxd4 17. Nxd4 Bc5 18. Kd2 b4 19. Kc1 bxc3 20. Bb5 Qc7 21. Bxe8 Rxe8 22. Kb1 Bb4 23. Bf4 Qc5 24. Be3 Qh5 25. Ka1 Bg4 26. Rde1 Qd5 27. Rh1 Rc8 28. h3 Bd7 29. Rd1 Ba3 30. Ne2 Bb2+ 31. Kb1 Qf5 32. g4 Qxc2+ 33. Kxc2 Bc6 34. Nd4 Be4+ 35. Rd3 Bxh1 36. f3 Ne6 37. Nf5 Rd8 38. Rxd8+ Nxd8 39. Nh4 g5 40. Nf5 Bxf3 41. Ng3 Bd5 42. Bd4 Ne6 43. Bxc3 Bxc3 44. Kxc3 Nf4 45. Kd4 Bg2 46. b4 Bxh3 47. a4 Bxg4 48. Ne4 Kg7 49. b5 Bd7 50. Kc5 Nd3+ 51. Kc4 Nb2+ 52. Kb4 g4 53. Nc5 Be8 54. a5 g3 55. b6 axb6 56. a6 Bc6 57. Nb7 g2 58. Nd8 g1=Q 59. Nxc6 Qc5+ 0-1


[Site "https://www.chess.com"]

[Event "Titled Tuesday Blitz May 03 Early 2022"]
[White "Beerdsen, Thomas"]
[Black "Laohawirapap, Prin"]
[WhiteFideId "1030108"]
[BlackFideId "6205003"]
[WhiteElo "2585"]
[BlackElo "1832"]
[Result "1-0"]
[Round "04"]
[TimeControl "180+1"]
[Date "2022.05.03"]
[WhiteClock "0:01:05"]
[BlackClock "0:00:03"]

1. e4 e6 2. d4 d5 3. Nc3 Bb4 4. e5 c5 5. a3 Bxc3+ 6. bxc3 Ne7 7. Qg4 Qc7 8. Qxg7 Rg8 9. Qxh7 cxd4 10. Qd3 Qxe5+ 11. Ne2 dxc3 12. Qxc3 Qxc3+ 13. Nxc3 Nbc6 14. h4 e5 15. Bg5 Bf5 16. O-O-O d4 17. Nb5 O-O-O 18. Nxa7+ Kb8 19. Nxc6+ Nxc6 20. Bxd8 Rxd8 21. f3 Bh7 22. Bd3 f5 23. g4 e4 24. fxe4 fxe4 25. Bb5 Ne5 26. g5 e3 27. Kb2 Be4 28. h5 Rc8 29. Ba4 Bxh1 30. Rxh1 d3 31. cxd3 Nxd3+ 32. Ka2 e2 33. g6 Rc1 34. g7 Rxh1 35. g8=Q+ Ka7 36. Bc6 e1=Q 37. Bxh1 1-0


[Site "https://www.chess.com"]

[Event "Titled Tuesday Blitz May 03 Early 2022"]
[White "Begunov, Konstantin"]
[Black "Molina, Roberto Junio Brito"]
[WhiteFideId "4118510"]
[BlackFideId "2109450"]
[WhiteElo "2262"]
[BlackElo "2432"]
[Result "0-1"]
[Round "04"]
[TimeControl "180+1"]
[Date "2022.05.03"]
[WhiteClock "0:00:01"]
[BlackClock "0:00:11"]

1. d4 c6 2. c4 d5 3. Nc3 Nf6 4. cxd5 cxd5 5. Bf4 Qb6 6. e3 Qxb2 7. Nge2 a6 8. Na4 Qb4+ 9. Nec3 Nbd7 10. Rb1 Qa5 11. Qb3 b5 12. Nb2 e6 13. Bd3 Ba3 14. O-O O-O 15. Rbc1 Bb7 16. Nb1 Bxb2 17. Bc7 Nb6 18. Qxb2 Rfc8 19. Nd2 Na4 20. Bxa5 Nxb2 21. Bb1 Nc4 22. Bb4 a5 23. Bc3 b4 24. Nxc4 dxc4 25. Be1 Be4 26. f3 Bxb1 27. Rxb1 Nd5 28. Kf2 c3 29. e4 Nb6 30. Ke3 Nc4+ 31. Kd3 e5 32. d5 f6 33. Rc1 Rab8 34. Bf2 a4 35. Kc2 b3+ 36. axb3 axb3+ 37. Kxc3 Ne3+ 38. Kd3 Nxf1 39. Rxf1 b2 40. Rb1 Rc1 0-1


[Site "https://www.chess.com"]

[Event "Titled Tuesday Blitz May 03 Early 2022"]
[White "Bellissimo, Joseph F."]
[Black "Polster, Christian"]
[WhiteFideId "2609843"]
[BlackFideId "12965081"]
[WhiteElo "2061"]
[BlackElo "2290"]
[Result "1-0"]
[Round "04"]
[TimeControl "180+1"]
[Date "2022.05.03"]
[WhiteClock "0:00:54"]
[BlackClock "0:00:03"]

1. e4 c5 2. Nf3 d6 3. d4 cxd4 4. Qxd4 Nf6 5. Nc3 Nc6 6. Bb5 Bd7 7. Bxc6 Bxc6 8. Bg5 e6 9. O-O-O Be7 10. Kb1 h6 11. Bh4 Qa5 12. Rhe1 O-O 13. Qd2 Qc5 14. Nd4 b5 15. Nb3 Qb6 16. Bxf6 Bxf6 17. f3 Rfd8 18. Ne2 a5 19. Nbd4 Be8 20. Ng3 b4 21. Nh5 Bxd4 22. Qxd4 Qxd4 23. Rxd4 Kf8 24. Red1 g6 25. Nf6 Ke7 26. Nxe8 Kxe8 27. Rxd6 Rxd6 28. Rxd6 Ke7 29. Rd4 Rc8 30. Kc1 f5 31. Kd2 Rc5 32. Kd3 Kf6 33. exf5 gxf5 34. c3 bxc3 35. bxc3 Rb5 36. Ra4 Rb2 37. g4 Rxh2 38. Rxa5 Rh3 39. gxf5 Rxf3+ 40. Kd4 Rxf5 41. Rxf5+ exf5 42. a4 h5 43. a5 h4 44. a6 h3 45. a7 Kg5 46. a8=Q Kg4 47. Qh1 f4 48. Ke4 Kg3 49. Qf3+ Kh2 50. Qf2+ Kh1 51. Kf3 h2 52. Qg2# 1-0


[Site "https://www.chess.com"]